 Dungeon Crawl Stone Soup version 0.19.5 (webtiles) character file.

118 miragecloak the Cudgeler (level 5, -3/41 HPs)
             Began as a Formicid Abyssal Knight on May 12, 2017.
             Was a Believer of Lugonu.
             Killed from afar by an orc wizard (8 damage)
             ... with a magic dart
             ... on level 2 of the Dungeon.
             The game lasted 00:02:03 (3373 turns).

miragecloak the Cudgeler (Formicid Abyssal Knight)  Turns: 3373, Time: 00:02:04

Health: -3/41      AC:  3    Str: 16    XL:     5   Next: 23%
Magic:  6/6        EV: 11    Int: 12    God:    Lugonu [**....]
Gold:   193        SH:  0    Dex: 11    Spells: 0 memorised, 4 levels left

rFire  . . .     SeeInvis +     a - +1 mace
rCold  . . .     Gourm    .     b - +0 leather armour
rNeg   . . .     Faith    .     (no shield)
rPois  .         Spirit   .     (helmet unavailable)
rElec  .         Reflect  .     (no cloak)
rCorr  .         Harm     .     (no gloves)
MR     .....                    (no boots)
Stlth  +.........               (no amulet)
                                (no ring)
                                (no ring)

@: no status effects
A: permanent stasis, dig shafts and tunnels, four strong arms, antennae 3
a: Dig, Shaft Self, Depart the Abyss, Bend Space, Renounce Religion


You were on level 2 of the Dungeon.
You worshipped Lugonu.
Lugonu was pleased with you.
You were near starving.

You visited 1 branch of the dungeon, and saw 3 of its levels.
You visited the Abyss 1 time.

You collected 193 gold pieces.

Inventory:

Hand Weapons
 a - a +1 mace (weapon)
Armour
 b - a +0 leather armour (worn)
Jewellery
 n - a cursed amulet of inaccuracy {unknown}
 r - a +5 ring of intelligence {unknown}
 v - an uncursed ring of wizardry {unknown}
Scrolls
 f - a scroll of amnesia {unknown}
 g - 2 scrolls of identify {unknown}
 h - a scroll of noise {unknown}
 k - 3 scrolls of teleportation {unknown}
 m - 2 scrolls of fog {unknown}
 o - 2 scrolls of random uselessness {unknown}
 q - a scroll of recharging {unknown}
 s - 3 scrolls of immolation {unknown}
 u - a scroll of remove curse {unknown}
Potions
 e - 3 potions of heal wounds
 j - a potion of brilliance {unknown}
 l - a potion of haste {unknown}
 p - 2 potions of agility {unknown}
Books
 t - a book of Minor Magic

   Spells                             Type                      Level
   a - Magic Dart                     Conjuration                  1
   b - Blink                          Translocation                2
   c - Call Imp                       Summoning                    2
   d - Repel Missiles                 Charms/Air                   2
   e - Slow                           Hexes                        2
   f - Conjure Flame                  Conjuration/Fire             3
   g - Mephitic Cloud                 Conjuration/Poison/Air       3
Comestibles
 c - 4 bread rations
 d - 2 fruits
 i - 3 meat rations


   Skills:
 - Level 3.2 Fighting
 + Level 5.0 Maces & Flails
 - Level 2.1 Armour
 - Level 0.8 Dodging
 - Level 2.1 Invocations


You had 4 spell levels left.
You didn't know any spells.

Dungeon Overview and Level Annotations

Branches:
Dungeon (3/15)

Altars:
Ashenzari
Dithmenos
Hepliaklqana
Sif Muna
Uskayaw
Zin
The Shining One


Innate Abilities, Weirdness & Mutations

You are under a permanent stasis effect.
You can dig through walls and to a lower floor.
Your four strong arms can wield two-handed weapons with a shield.
You have a pair of large antennae on your head. (SInv)


Message History

You hit the orc wizard.
The orc wizard is heavily wounded.
The orc wizard hits you but does no damage.
The orc wizard hits you with a dagger.
* * * LOW HITPOINT WARNING * * *
You barely miss the orc wizard.
The orc wizard is heavily wounded.
The orc wizard hits you but does no damage.
The orc wizard closely misses you.
You hit the orc wizard.
The orc wizard is severely wounded.
The orc wizard points at you and mumbles some strange words.
The magic dart hits you!
* * * LOW HITPOINT WARNING * * *
The orc wizard hits you but does no damage.
You closely miss the orc wizard.
The orc wizard is severely wounded.
The orc wizard points at you and mumbles some strange words.
The magic dart hits you!
You die...

#.#.## #......# #..# #.#
#.#.###### #.#.#### #..# ###
.........# #.#.### #..#
.......#.###...#.# #..#
######.#..##.....# #..# ##
#.......###.######..#
.#####.#..##.# #.........#
.##....<..##.# #o.####..##
.##.##.##.##.# #@.# #..#
.##.##.##.##.###..####..#########
.##.##.##.##....>)..##...........
.##.##.##......))......#######.##
.......##.....##..#.##.......#.#
#.#.#....###.###.........###.#.##
#........................# #.#...
......##.###.##...#.##...# #.#.##
.............##...#..#..## #.#.#


You could see an orc wizard.

Vanquished Creatures
  5 adders
  An ooze (D:2)
  2 worms (D:2)
  A dart slug (D:1)
  3 leopard geckos
  3 orcs
  9 bats
  6 giant cockroaches
  4 goblins
  2 hobgoblins
  3 jackals (D:2)
  2 quokkas (D:3)
  2 frilled lizards
  8 kobolds
  7 rats
58 creatures vanquished.

Notes
Turn   | Place    | Note
-------+----------+-------------------------------------------
     0 | Abyss:1  | miragecloak the Formicid Abyssal Knight began the quest for the Orb.
     0 | Abyss:1  | Reached XP level 1. HP: 18/18 MP: 2/2
    77 | Abyss:1  | Noticed a cyan very ugly thing
    78 | D:1      | Escaped the Abyss
   235 | D:1      | Reached * piety under Lugonu
   235 | D:1      | Reached XP level 2. HP: 23/24 MP: 3/3
   729 | D:2      | Reached skill level 3 in Maces & Flails
   729 | D:2      | Reached XP level 3. HP: 18/29 MP: 4/4
  1303 | D:2      | Found a shadowy altar of Dithmenos.
  1410 | D:2      | Reached skill level 4 in Maces & Flails
  1410 | D:2      | Reached XP level 4. HP: 12/35 MP: 5/5
  1659 | D:2      | Found a hide-covered altar of Uskayaw.
  1660 | D:2      | Found a deep blue altar of Sif Muna.
  1661 | D:2      | Found a hazy altar of Hepliaklqana.
  1661 | D:2      | Found a glowing golden altar of the Shining One.
  1671 | D:2      | Found a glowing silver altar of Zin.
  1765 | D:2      | Found a shattered altar of Ashenzari.
  2131 | D:2      | Reached ** piety under Lugonu
  2950 | D:3      | Reached XP level 5. HP: 8/41 MP: 6/6
  3176 | D:3      | Found a faded altar of an unknown god.
  3214 | D:2      | Reached skill level 5 in Maces & Flails
  3373 | D:2      | Killed from afar by an orc wizard

Skill      XL: |  1  2  3  4  5 |
---------------+----------------+-----
Maces & Flails | 3 4 5 |  5.0
Fighting       | |  3.2
Armour         | |  2.1
Dodging        | |  0.8
Invocations    | |  2.1

Action                   |  1- 3 |  4- 6 || total
-------------------------+-------+-------++-------
Melee: Mace              |    72 |   135 ||   207
Invok: Depart the Abyss  |     1 |       ||     1
  Use: Potion            |       |     1 ||     1
  Eat: Chunk             |       |     6 ||     6
Armor: Leather armour    |    33 |    46 ||    79
Dodge: Dodged            |    65 |   118 ||   183
